Map: Ever Dream LE

Players

Reynor - Winner!

  • Race: Zerg Zerg
  • Spawn Location: 1:00

Hurricane

  • Race: Protoss Protoss
  • Spawn Location: 7:00

Event: War Chest Team League

VOD

Have the link to the VOD?

Description

Time

  • Played on: Aug. 16, 2020, 10:57 a.m.
  • Length: 11:30
Show
View Real Time Build Order
Export as new Build Order

Reynor Zerg - Winner!

Build Orders: Hatch First 

Get SALT Encoding   

  12  0:00  Drone  
  13  0:12  Overlord  
  13  0:17  Drone  
  14  0:30  Drone x2  
  16  0:48  Hatchery  
  15  0:51  Drone  
  15  0:55  Drone  
  17  0:59  Drone  
  18  1:09  Extractor  
  17  1:14  Spawning Pool  
  17  1:16  Drone  
  17  1:20  Drone  
  18  1:27  Drone  
  19  1:38  Drone  
  20  1:48  Overlord  
  20  2:01  Queen x2  
  20  2:02  Zergling x4  
  26  2:10  Drone x2  
  28  2:24  Drone x2  
  30  2:30  Hatchery  
  30  2:34  Metabolic Boost  
  30  2:36  Drone  
  30  2:39  Drone  
  30  2:44  Drone  
  32  2:46  Overlord  
  32  2:53  Queen  
  32  2:56  Drone  
  32  2:58  Drone  
  36  3:04  Drone  
  36  3:05  Drone  
  38  3:12  Overlord  
  38  3:14  Drone  
  38  3:15  Zergling x2, Drone  
  41  3:20  Zergling x2  
  41  3:25  Drone  
  43  3:29  Spore Crawler  
  43  3:31  Drone  
  43  3:34  Queen  
  43  3:38  Overlord  
  45  3:41  Zergling x2  
  45  3:42  Zergling x2  
  45  3:43  Drone x2  
  45  3:45  Queen  
  45  3:48  Drone  
  51  3:54  Overlord  
  51  3:56  Drone  
  51  4:01  Spore Crawler  
  51  4:02  Zergling x2  
  52  4:04  Drone x2  
  52  4:05  Drone  
  52  4:06  Queen  
  56  4:10  Zergling x2  
  56  4:11  Drone x2  
  56  4:15  Spore Crawler  
  56  4:16  Drone x2  
  60  4:19  Drone x2  
  60  4:22  Overlord  
  62  4:25  Drone x2  
  62  4:31  Roach Warren  
  63  4:34  Zergling x6  
  63  4:38  Lair  
  66  4:43  Drone x4  
  70  4:46  Drone x2  
  70  4:49  Overlord  
  70  4:50  Drone  
  70  4:51  Drone  
  74  4:56  Zergling x4  
  74  4:58  Overlord  
  76  5:00  Drone  
  76  5:03  Drone  
  75  5:08  Drone x4  
  75  5:10  Overlord  
  78  5:15  Drone  
  78  5:16  Drone  
  78  5:19  Extractor, Evolution Chamber  
  76  5:21  Extractor  
  76  5:23  Drone x4  
  76  5:27  Extractor  
  80  5:30  Overlord  
  80  5:31  Drone  
  80  5:35  Overseer, Drone x4  
  85  5:36  Overseer  
  85  5:37  Overlord  
  85  5:41  Extractor x2, Drone x2  
  85  5:42  Overseer, Drone  
  86  5:43  Drone  
  85  5:51  Overlord  
  85  5:55  Hatchery  
  83  5:58  Roach x4  
  83  5:59  Roach x2  
  83  6:01  Zerg Missile Weapons Level 1  
  83  6:03  Drone x2  
  97  6:07  Overlord  
  97  6:16  Overlord  
  97  6:19  Overseer  
  97  6:21  Drone x2  
  97  6:24  Roach x4  
  97  6:25  Roach x3  
  113  6:26  Drone  
  113  6:30  Drone  
  113  6:31  Glial Reconstitution  
  115  6:33  Drone x4  
  115  6:35  Roach  
  115  6:36  Roach  
  115  6:39  Ravager x3  
  122  6:40  Zergling x2, Roach  
  122  6:45  Ravager  
  122  6:46  Roach  
  128  6:48  Roach  
  128  6:49  Zergling x2, Roach  
  128  6:50  Overlord  
  128  6:54  Ravager  
  134  6:55  Roach  
  134  7:00  Overlord  
  132  7:02  Zergling x4, Roach x2  
  132  7:05  Overlord x2  
  138  7:10  Unknown  
  138  7:11  Roach x2  
  138  7:12  Roach  
  143  7:19  Overlord  
  143  7:21  Roach x2  
  143  7:22  Roach x2  
  150  7:27  Roach x4  
  158  7:32  Roach x5  
  158  7:34  Overlord  
  168  7:41  Drone x4  
  168  7:44  Ravager x4  
  176  7:46  Overlord x3  
  176  7:47  Overseer  
  176  7:54  Drone x3  
  176  7:56  Roach  
  176  7:57  Roach  
  183  7:58  Zerg Missile Weapons Level 2  
  178  8:10  Zergling x10, Roach x7  
  186  8:19  Roach x4  
  176  8:24  Roach  
  176  8:25  Zergling x4, Roach  
  165  8:29  Roach x3  
  166  8:35  Roach  
  166  8:41  Ravager x4  
  167  8:42  Ravager x2, Roach x4  
  167  8:43  Roach  
  183  8:48  Zergling x2, Roach x2  
  183  8:51  Roach  
  183  8:52  Burrow  
  183  8:57  Tunneling Claws  
  183  8:58  Pneumatized Carapace  
  183  9:00  Hatchery  
  183  9:02  Roach x4  
  194  9:03  Zergling x4, Roach x2  
  184  9:25  Roach x8  
  177  9:39  Zergling x8, Overseer, Roach x3  
  177  9:40  Zergling x20  
  177  9:44  Roach x2  
  174  9:54  Overseer, Drone x2  
  174  9:59  Zergling x12, Roach x3  
  179  10:04  Ravager x5  
  176  10:08  Roach x6  
  176  10:09  Roach  
  176  10:10  Roach x2  
  176  10:11  Ravager x2, Roach x3  
  176  10:12  Drone x3  
  176  10:14  Hatchery  
  192  10:18  Roach x2  
  192  10:19  Roach x2  
  200  10:22  Infestation Pit  
  191  10:33  Roach x2  
  191  10:35  Roach x8  
  196  10:36  Drone x3  
  196  10:37  Drone  
  187  10:45  Roach x6  
  184  10:50  Roach x2  
  184  10:51  Roach  
  184  10:52  Roach  
  184  10:56  Roach x2  
  190  11:01  Roach x4  
  187  11:08  Roach x4  
  187  11:10  Drone x3  
  187  11:11  Drone x5  
  189  11:16  Ravager, Drone x3  
  189  11:17  Ravager  
  188  11:23  Extractor  
  188  11:24  Spore Crawler  
Show
View Real Time Build Order
Export as new Build Order

Hurricane Protoss 

Build Orders: 1 Gate Expand, Archon Immortal, Archon Drop, Dark Templar Rush 

Get SALT Encoding   

  12  0:00  Probe  
  13  0:12  Probe  
  14  0:18  Pylon  
  14  0:24  Probe  
  15  0:30  Assimilator  
  15  0:37  Probe (Chrono Boost)  
  16  0:46  Probe (Chrono Boost)  
  16  0:47  Gateway  
  17  0:51  Probe (Chrono Boost)  
  18  1:03  Probe  
  19  1:15  Probe  
  20  1:23  Nexus  
  20  1:28  Probe  
  21  1:35  Cybernetics Core  
  21  1:41  Assimilator  
  21  1:43  Probe  
  22  1:51  Pylon  
  22  1:55  Probe  
  23  2:09  Stalker (Chrono Boost), Probe  
  23  2:12  Warp Gate  
  26  2:21  Probe  
  27  2:24  Twilight Council  
  27  2:32  Adept  
  27  2:34  Probe (Chrono Boost)  
  27  2:36  Probe (Chrono Boost)  
  32  2:45  Probe (Chrono Boost)  
  32  2:46  Probe (Chrono Boost)  
  32  2:49  Probe (Chrono Boost)  
  32  2:51  Probe (Chrono Boost)  
  35  3:00  Probe  
  35  3:01  Dark Shrine  
  35  3:03  Probe  
  37  3:09  Gateway  
  37  3:12  Probe  
  38  3:15  Adept  
  38  3:17  Probe  
  41  3:26  Probe  
  42  3:27  Pylon  
  42  3:29  Probe  
  43  3:40  Probe  
  44  3:43  Nexus  
  44  3:44  Probe  
  45  3:49  Pylon  
  45  3:53  Probe  
  46  3:57  Assimilator  
  46  3:58  Probe  
  46  4:00  Adept  
  49  4:08  Probe  
  50  4:11  Probe  
  50  4:14  Assimilator, Dark Templar  
  50  4:15  Robotics Facility  
  50  4:16  Dark Templar  
  55  4:20  Probe  
  55  4:22  Gateway  
  56  4:24  Probe  
  56  4:29  Shield Battery  
  57  4:32  Probe  
  57  4:38  Pylon  
  58  4:45  Zealot  
  60  4:47  Probe  
  60  4:48  Probe  
  60  4:52  Charge  
  62  5:04  Probe  
  63  5:08  Immortal (Chrono Boost)  
  67  5:16  Probe  
  68  5:22  Probe x2  
  68  5:23  Sentry x2  
  68  5:26  Gateway x2  
  74  5:28  Forge  
  74  5:30  Probe  
  76  5:35  Probe  
  76  5:39  Probe, Warp Prism (Chrono Boost)  
  76  5:42  Probe  
  80  5:44  Gateway, Protoss Ground Weapons Level 1 (Chrono Boost)  
  80  5:45  Gateway, Pylon  
  80  5:52  Gateway, Archon  
  80  5:55  Probe  
  80  5:56  Sentry, Probe  
  84  5:59  Pylon  
  84  6:03  Pylon, Probe  
  85  6:07  Pylon  
  85  6:08  Probe  
  85  6:10  Pylon  
  86  6:13  Observer (Chrono Boost)  
  86  6:14  Dark Templar x2  
  86  6:16  Probe x2  
  93  6:18  Archon  
  93  6:26  Sentry, Zealot x2  
  93  6:27  Immortal (Chrono Boost)  
  103  6:43  Dark Templar  
  103  6:44  Dark Templar  
  103  6:46  Assimilator  
  107  6:47  Assimilator  
  107  6:48  Pylon, Dark Templar, Archon  
  107  6:49  Pylon  
  107  6:50  Dark Templar, Zealot  
  113  6:58  Archon  
  113  7:02  Immortal (Chrono Boost)  
  116  7:14  Zealot x4  
  116  7:16  Probe  
  116  7:17  Probe x2  
  116  7:20  Pylon  
  116  7:22  Zealot  
  117  7:28  Protoss Ground Weapons Level 2 (Chrono Boost)  
  115  7:34  Probe x3  
  115  7:36  Templar Archives  
  120  7:37  Blink (Chrono Boost)  
  120  7:47  Photon Cannon  
  120  7:49  Photon Cannon, Nexus  
  120  7:52  Pylon  
  120  7:56  Immortal (Chrono Boost)  
  120  7:58  Probe x2  
  122  7:59  Zealot x4  
  128  8:11  Zealot  
  128  8:12  Zealot x3  
  118  8:24  Zealot  
  118  8:25  Zealot x3  
  116  8:33  Gateway  
  116  8:35  Gateway  
  116  8:36  Zealot  
  116  8:37  Zealot x3  
  116  8:38  Gateway  
  122  8:48  Sentry  
  122  8:49  Sentry, Stalker x2  
  122  8:51  Probe x3  
  122  8:54  Pylon  
  131  8:56  Photon Cannon  
  131  9:02  Zealot x4  
  139  9:13  Dark Templar  
  139  9:14  Dark Templar x3  
  139  9:20  Archon  
  131  9:26  Zealot x3  
  131  9:28  Immortal  
  129  9:34  Zealot x4  
  113  9:46  Stalker x5  
  117  10:02  High Templar x6  
  117  10:06  Archon x2  
  117  10:07  Archon  
  133  10:16  Observer (Chrono Boost)  
  133  10:19  Photon Cannon  
  133  10:21  Photon Cannon, Zealot x4  
  134  10:22  Sentry  
  113  10:36  Stalker x6  
  113  10:42  Zealot x3  
  102  10:55  Sentry x2  
  87  11:06  Sentry x2  
  87  11:07  Zealot x5  
Tags
 
Add a new tag
Caveats
  • Supply blocks, unpowered buildings, or Contaminate may cause inaccurate times.
  • Supply counts are checked every 10 seconds.